Workbook

Sheet OnePage
A1: Suivi de chantier – Synthèse Budget (One Page)
A3: Chantier | B3: ='Paramètres'!B3 | D3: Début | E3: ='Paramètres'!B9
A4: Client | B4: ='Paramètres'!B4 | D4: Fin prévue | E4: ='Paramètres'!B10
A5: Chef | B5: ='Paramètres'!B5 | D5: Réf. alertes | E5: ='Paramètres'!B11
A7: Budget révisé | E7: Engagé | I7: Facturé
A8: ='Budget_Suivi'!F202 | E8: ='Budget_Suivi'!G202 | I8: ='Budget_Suivi'!H202
A9: Payé | E9: Reste à payer | I9: Dépassement
A10: ='Budget_Suivi'!I202 | E10: ='Budget_Suivi'!K202 | I10: ='Budget_Suivi'!O202
A11: Poste | B11: Budget révisé | C11: Engagé | D11: Facturé | E11: Payé | F11: Reste à payer | G11: Alerte
A12: ='Budget_Suivi'!A2 | B12: ='Budget_Suivi'!F2 | C12: ='Budget_Suivi'!G2 | D12: ='Budget_Suivi'!H2 | E12: ='Budget_Suivi'!I2 | F12: ='Budget_Suivi'!K2 | G12: ='Budget_Suivi'!N2
A13: ='Budget_Suivi'!A3 | B13: ='Budget_Suivi'!F3 | C13: ='Budget_Suivi'!G3 | D13: ='Budget_Suivi'!H3 | E13: ='Budget_Suivi'!I3 | F13: ='Budget_Suivi'!K3 | G13: ='Budget_Suivi'!N3
A14: ='Budget_Suivi'!A4 | B14: ='Budget_Suivi'!F4 | C14: ='Budget_Suivi'!G4 | D14: ='Budget_Suivi'!H4 | E14: ='Budget_Suivi'!I4 | F14: ='Budget_Suivi'!K4 | G14: ='Budget_Suivi'!N4
A15: ='Budget_Suivi'!A5 | B15: ='Budget_Suivi'!F5 | C15: ='Budget_Suivi'!G5 | D15: ='Budget_Suivi'!H5 | E15: ='Budget_Suivi'!I5 | F15: ='Budget_Suivi'!K5 | G15: ='Budget_Suivi'!N5
A16: ='Budget_Suivi'!A6 | B16: ='Budget_Suivi'!F6 | C16: ='Budget_Suivi'!G6 | D16: ='Budget_Suivi'!H6 | E16: ='Budget_Suivi'!I6 | F16: ='Budget_Suivi'!K6 | G16: ='Budget_Suivi'!N6
A17: ='Budget_Suivi'!A7 | B17: ='Budget_Suivi'!F7 | C17: ='Budget_Suivi'!G7 | D17: ='Budget_Suivi'!H7 | E17: ='Budget_Suivi'!I7 | F17: ='Budget_Suivi'!K7 | G17: ='Budget_Suivi'!N7
A18: ='Budget_Suivi'!A8 | B18: ='Budget_Suivi'!F8 | C18: ='Budget_Suivi'!G8 | D18: ='Budget_Suivi'!H8 | E18: ='Budget_Suivi'!I8 | F18: ='Budget_Suivi'!K8 | G18: ='Budget_Suivi'!N8
A19: ='Budget_Suivi'!A9 | B19: ='Budget_Suivi'!F9 | C19: ='Budget_Suivi'!G9 | D19: ='Budget_Suivi'!H9 | E19: ='Budget_Suivi'!I9 | F19: ='Budget_Suivi'!K9 | G19: ='Budget_Suivi'!N9
A20: ='Budget_Suivi'!A10 | B20: ='Budget_Suivi'!F10 | C20: ='Budget_Suivi'!G10 | D20: ='Budget_Suivi'!H10 | E20: ='Budget_Suivi'!I10 | F20: ='Budget_Suivi'!K10 | G20: ='Budget_Suivi'!N10
A21: ='Budget_Suivi'!A11 | B21: ='Budget_Suivi'!F11 | C21: ='Budget_Suivi'!G11 | D21: ='Budget_Suivi'!H11 | E21: ='Budget_Suivi'!I11 | F21: ='Budget_Suivi'!K11 | G21: ='Budget_Suivi'!N11

Sheet Légende
A1: Tableau Excel – Suivi de chantier (simplifié) | Focus Budget (Exemple prérempli)
A3: Objectif
A4: Suivre l'exécution budgétaire d'un chantier en un seul fichier : Budget révisé, engagements (BC/PO), factures, paiements, alertes de dépassement.
A7: Conventions de saisie
A8: • Cellules de saisie : texte bleu | C8: Exemple
A9: • Cellules calculées : texte noir | C9: 1234.56
A10: • Alertes : fond rouge clair si dépassement / retard | C10: =C9*1.2
A12: Démarrage (3 étapes)
A13: 1) Paramètres : renseigner le chantier + listes (postes, fournisseurs) 2) Budget_Suivi : saisir le budget initial et les avenants par poste/lot 3) Engagements & Factures_Paiements : saisir au fil de l'eau → Dashboard se met à jour

Sheet Paramètres
A1: Paramètres chantier
A3: Nom du chantier | B3: Chantier – Exemple (Rénovation appartement 90 m²) | D3: Listes (utilisées en menus déroulants)
A4: Client / Maître d'ouvrage | B4: M. Karim El Mansouri
A5: Chef de chantier | B5: Sofia Benali | D5: Postes | E5: Fournisseurs | F5: Statut engagement | G5: Statut facture
A6: Devise | B6: EUR (€) | D6: Terrassement/VRD | E6: Fournisseur A | F6: Prévu | G6: À payer
A7: TVA par défaut | B7: 0.2 | D7: Gros œuvre | E7: Fournisseur B | F7: Commandé | G7: Payée
A8: Marge / imprévus (option) | B8: 0.05 | D8: Étanchéité | E8: Sous-traitant C | F8: Livré | G8: En litige
A9: Date de début | B9: 46027 | D9: Électricité | E9: Quincaillerie D | F9: Annulé
A10: Date de fin prévue | B10: 46101 | D10: Plomberie | E10: Location Matériel E
A11: Date de référence (alertes) | B11: 46073
A12: Budget initial global | B12: 330000 | D12: Plâtrerie/Peinture
D13: Menuiserie
D14: Revêtements sols
D15: Divers

Sheet Budget_Suivi
A1: Poste | B1: Lot/Zone | C1: Description | D1: Budget initial | E1: Avenants | F1: Budget révisé | G1: Engagé TTC | H1: Facturé TTC | I1: Payé TTC | J1: Reste à engager | K1: Reste à payer | L1: Écart (Budget-Facturé) | M1: % consommé | N1: Alerte | O1: Dépassement (Facturé - Budget) TTC | P1: Taux dépassement | Q1: Rang dépassement
A2: Terrassement/VRD | B2: Extérieur | C2: Préparation accès + évacuation gravats | D2: 18000 | E2: 0 | F2: =IF($A2="","",D2+E2) | G2: =IF($A2="","",SUMIFS(Engagements!$H$2:$H$200,Engagements!$C$2:$C$200,$A2,Engagements!$D$2:$D$200,$B2)) | H2: =IF($A2="","",SUMIFS(Factures_Paiements!$H$2:$H$200,Factures_Paiements!$D$2:$D$200,$A2,Factures_Paiements!$E$2:$E$200,$B2)) | I2: =IF($A2="","",SUMIFS(Factures_Paiements!$H$2:$H$200,Factures_Paiements!$D$2:$D$200,$A2,Factures_Paiements!$E$2:$E$200,$B2,Factures_Paiements!$J$2:$J$200,"Payée")) | J2: =IF($A2="","",F2-G2) | K2: =IF($A2="","",H2-I2) | L2: =IF($A2="","",F2-H2) | M2: =IF($A2="","",IF(F2=0,0,H2/F2)) | N2: =IF($A2="","",IF(H2>F2,"Dépassement",IF(J2<0,"Engagé > budget",""))) | O2: =IF($A2="","",MAX(0,$H2-$F2)) | P2: =IF($A2="","",IF($F2=0,"",$O2/$F2)) | Q2: =IF($A2="","",IF($O2=0,"",RANK.EQ($O2,$O$2:$O$200,0)+COUNTIF($O$2:$O2,$O2)-1))
A3: Gros œuvre | B3: Zone A | C3: Démolition + reprise structure + maçonnerie | D3: 120000 | E3: 0 | F3: =IF($A3="","",D3+E3) | G3: =IF($A3="","",SUMIFS(Engagements!$H$2:$H$200,Engagements!$C$2:$C$200,$A3,Engagements!$D$2:$D$200,$B3)) | H3: =IF($A3="","",SUMIFS(Factures_Paiements!$H$2:$H$200,Factures_Paiements!$D$2:$D$200,$A3,Factures_Paiements!$E$2:$E$200,$B3)) | I3: =IF($A3="","",SUMIFS(Factures_Paiements!$H$2:$H$200,Factures_Paiements!$D$2:$D$200,$A3,Factures_Paiements!$E$2:$E$200,$B3,Factures_Paiements!$J$2:$J$200,"Payée")) | J3: =IF($A3="","",F3-G3) | K3: =IF($A3="","",H3-I3) | L3: =IF($A3="","",F3-H3) | M3: =IF($A3="","",IF(F3=0,0,H3/F3)) | N3: =IF($A3="","",IF(H3>F3,"Dépassement",IF(J3<0,"Engagé > budget",""))) | O3: =IF($A3="","",MAX(0,$H3-$F3)) | P3: =IF($A3="","",IF($F3=0,"",$O3/$F3)) | Q3: =IF($A3="","",IF($O3=0,"",RANK.EQ($O3,$O$2:$O$200,0)+COUNTIF($O$2:$O3,$O3)-1))
A4: Étanchéité | B4: Toiture | C4: Traitement infiltrations + étanchéité points singuliers | D4: 15000 | E4: 0 | F4: =IF($A4="","",D4+E4) | G4: =IF($A4="","",SUMIFS(Engagements!$H$2:$H$200,Engagements!$C$2:$C$200,$A4,Engagements!$D$2:$D$200,$B4)) | H4: =IF($A4="","",SUMIFS(Factures_Paiements!$H$2:$H$200,Factures_Paiements!$D$2:$D$200,$A4,Factures_Paiements!$E$2:$E$200,$B4)) | I4: =IF($A4="","",SUMIFS(Factures_Paiements!$H$2:$H$200,Factures_Paiements!$D$2:$D$200,$A4,Factures_Paiements!$E$2:$E$200,$B4,Factures_Paiements!$J$2:$J$200,"Payée")) | J4: =IF($A4="","",F4-G4) | K4: =IF($A4="","",H4-I4) | L4: =IF($A4="","",F4-H4) | M4: =IF($A4="","",IF(F4=0,0,H4/F4)) | N4: =IF($A4="","",IF(H4>F4,"Dépassement",IF(J4<0,"Engagé > budget",""))) | O4: =IF($A4="","",MAX(0,$H4-$F4)) | P4: =IF($A4="","",IF($F4=0,"",$O4/$F4)) | Q4: =IF($A4="","",IF($O4=0,"",RANK.EQ($O4,$O$2:$O$200,0)+COUNTIF($O$2:$O4,$O4)-1))
A5: Électricité | B5: Niveau 1 | C5: Tableau + câblage + appareillage + éclairage | D5: 35000 | E5: 5000 | F5: =IF($A5="","",D5+E5) | G5: =IF($A5="","",SUMIFS(Engagements!$H$2:$H$200,Engagements!$C$2:$C$200,$A5,Engagements!$D$2:$D$200,$B5)) | H5: =IF($A5="","",SUMIFS(Factures_Paiements!$H$2:$H$200,Factures_Paiements!$D$2:$D$200,$A5,Factures_Paiements!$E$2:$E$200,$B5)) | I5: =IF($A5="","",SUMIFS(Factures_Paiements!$H$2:$H$200,Factures_Paiements!$D$2:$D$200,$A5,Factures_Paiements!$E$2:$E$200,$B5,Factures_Paiements!$J$2:$J$200,"Payée")) | J5: =IF($A5="","",F5-G5) | K5: =IF($A5="","",H5-I5) | L5: =IF($A5="","",F5-H5) | M5: =IF($A5="","",IF(F5=0,0,H5/F5)) | N5: =IF($A5="","",IF(H5>F5,"Dépassement",IF(J5<0,"Engagé > budget",""))) | O5: =IF($A5="","",MAX(0,$H5-$F5)) | P5: =IF($A5="","",IF($F5=0,"",$O5/$F5)) | Q5: =IF($A5="","",IF($O5=0,"",RANK.EQ($O5,$O$2:$O$200,0)+COUNTIF($O$2:$O5,$O5)-1))
A6: Plomberie | B6: Niveau 1 | C6: Réseaux EF/EC + évacuation + sanitaires | D6: 28000 | E6: 0 | F6: =IF($A6="","",D6+E6) | G6: =IF($A6="","",SUMIFS(Engagements!$H$2:$H$200,Engagements!$C$2:$C$200,$A6,Engagements!$D$2:$D$200,$B6)) | H6: =IF($A6="","",SUMIFS(Factures_Paiements!$H$2:$H$200,Factures_Paiements!$D$2:$D$200,$A6,Factures_Paiements!$E$2:$E$200,$B6)) | I6: =IF($A6="","",SUMIFS(Factures_Paiements!$H$2:$H$200,Factures_Paiements!$D$2:$D$200,$A6,Factures_Paiements!$E$2:$E$200,$B6,Factures_Paiements!$J$2:$J$200,"Payée")) | J6: =IF($A6="","",F6-G6) | K6: =IF($A6="","",H6-I6) | L6: =IF($A6="","",F6-H6) | M6: =IF($A6="","",IF(F6=0,0,H6/F6)) | N6: =IF($A6="","",IF(H6>F6,"Dépassement",IF(J6<0,"Engagé > budget",""))) | O6: =IF($A6="","",MAX(0,$H6-$F6)) | P6: =IF($A6="","",IF($F6=0,"",$O6/$F6)) | Q6: =IF($A6="","",IF($O6=0,"",RANK.EQ($O6,$O$2:$O$200,0)+COUNTIF($O$2:$O6,$O6)-1))
A7: Plâtrerie/Peinture | B7: Tout | C7: Enduits + peinture murs/plafonds | D7: 26000 | E7: 0 | F7: =IF($A7="","",D7+E7) | G7: =IF($A7="","",SUMIFS(Engagements!$H$2:$H$200,Engagements!$C$2:$C$200,$A7,Engagements!$D$2:$D$200,$B7)) | H7: =IF($A7="","",SUMIFS(Factures_Paiements!$H$2:$H$200,Factures_Paiements!$D$2:$D$200,$A7,Factures_Paiements!$E$2:$E$200,$B7)) | I7: =IF($A7="","",SUMIFS(Factures_Paiements!$H$2:$H$200,Factures_Paiements!$D$2:$D$200,$A7,Factures_Paiements!$E$2:$E$200,$B7,Factures_Paiements!$J$2:$J$200,"Payée")) | J7: =IF($A7="","",F7-G7) | K7: =IF($A7="","",H7-I7) | L7: =IF($A7="","",F7-H7) | M7: =IF($A7="","",IF(F7=0,0,H7/F7)) | N7: =IF($A7="","",IF(H7>F7,"Dépassement",IF(J7<0,"Engagé > budget",""))) | O7: =IF($A7="","",MAX(0,$H7-$F7)) | P7: =IF($A7="","",IF($F7=0,"",$O7/$F7)) | Q7: =IF($A7="","",IF($O7=0,"",RANK.EQ($O7,$O$2:$O$200,0)+COUNTIF($O$2:$O7,$O7)-1))
A8: Menuiserie | B8: Tout | C8: Portes + placards + ajustements | D8: 42000 | E8: 3000 | F8: =IF($A8="","",D8+E8) | G8: =IF($A8="","",SUMIFS(Engagements!$H$2:$H$200,Engagements!$C$2:$C$200,$A8,Engagements!$D$2:$D$200,$B8)) | H8: =IF($A8="","",SUMIFS(Factures_Paiements!$H$2:$H$200,Factures_Paiements!$D$2:$D$200,$A8,Factures_Paiements!$E$2:$E$200,$B8)) | I8: =IF($A8="","",SUMIFS(Factures_Paiements!$H$2:$H$200,Factures_Paiements!$D$2:$D$200,$A8,Factures_Paiements!$E$2:$E$200,$B8,Factures_Paiements!$J$2:$J$200,"Payée")) | J8: =IF($A8="","",F8-G8) | K8: =IF($A8="","",H8-I8) | L8: =IF($A8="","",F8-H8) | M8: =IF($A8="","",IF(F8=0,0,H8/F8)) | N8: =IF($A8="","",IF(H8>F8,"Dépassement",IF(J8<0,"Engagé > budget",""))) | O8: =IF($A8="","",MAX(0,$H8-$F8)) | P8: =IF($A8="","",IF($F8=0,"",$O8/$F8)) | Q8: =IF($A8="","",IF($O8=0,"",RANK.EQ($O8,$O$2:$O$200,0)+COUNTIF($O$2:$O8,$O8)-1))
A9: Revêtements sols | B9: Niveau 1 | C9: Carrelage + parquet + plinthes | D9: 24000 | E9: 0 | F9: =IF($A9="","",D9+E9) | G9: =IF($A9="","",SUMIFS(Engagements!$H$2:$H$200,Engagements!$C$2:$C$200,$A9,Engagements!$D$2:$D$200,$B9)) | H9: =IF($A9="","",SUMIFS(Factures_Paiements!$H$2:$H$200,Factures_Paiements!$D$2:$D$200,$A9,Factures_Paiements!$E$2:$E$200,$B9)) | I9: =IF($A9="","",SUMIFS(Factures_Paiements!$H$2:$H$200,Factures_Paiements!$D$2:$D$200,$A9,Factures_Paiements!$E$2:$E$200,$B9,Factures_Paiements!$J$2:$J$200,"Payée")) | J9: =IF($A9="","",F9-G9) | K9: =IF($A9="","",H9-I9) | L9: =IF($A9="","",F9-H9) | M9: =IF($A9="","",IF(F9=0,0,H9/F9)) | N9: =IF($A9="","",IF(H9>F9,"Dépassement",IF(J9<0,"Engagé > budget",""))) | O9: =IF($A9="","",MAX(0,$H9-$F9)) | P9: =IF($A9="","",IF($F9=0,"",$O9/$F9)) | Q9: =IF($A9="","",IF($O9=0,"",RANK.EQ($O9,$O$2:$O$200,0)+COUNTIF($O$2:$O9,$O9)-1))
A10: Divers | B10: Site | C10: Protections, consommables, imprévus | D10: 12000 | E10: 2000 | F10: =IF($A10="","",D10+E10) | G10: =IF($A10="","",SUMIFS(Engagements!$H$2:$H$200,Engagements!$C$2:$C$200,$A10,Engagements!$D$2:$D$200,$B10)) | H10: =IF($A10="","",SUMIFS(Factures_Paiements!$H$2:$H$200,Factures_Paiements!$D$2:$D$200,$A10,Factures_Paiements!$E$2:$E$200,$B10)) | I10: =IF($A10="","",SUMIFS(Factures_Paiements!$H$2:$H$200,Factures_Paiements!$D$2:$D$200,$A10,Factures_Paiements!$E$2:$E$200,$B10,Factures_Paiements!$J$2:$J$200,"Payée")) | J10: =IF($A10="","",F10-G10) | K10: =IF($A10="","",H10-I10) | L10: =IF($A10="","",F10-H10) | M10: =IF($A10="","",IF(F10=0,0,H10/F10)) | N10: =IF($A10="","",IF(H10>F10,"Dépassement",IF(J10<0,"Engagé > budget",""))) | O10: =IF($A10="","",MAX(0,$H10-$F10)) | P10: =IF($A10="","",IF($F10=0,"",$O10/$F10)) | Q10: =IF($A10="","",IF($O10=0,"",RANK.EQ($O10,$O$2:$O$200,0)+COUNTIF($O$2:$O10,$O10)-1))
F11: =IF($A11="","",D11+E11) | G11: =IF($A11="","",SUMIFS(Engagements!$H$2:$H$200,Engagements!$C$2:$C$200,$A11,Engagements!$D$2:$D$200,$B11)) | H11: =IF($A11="","",SUMIFS(Factures_Paiements!$H$2:$H$200,Factures_Paiements!$D$2:$D$200,$A11,Factures_Paiements!$E$2:$E$200,$B11)) | I11: =IF($A11="","",SUMIFS(Factures_Paiements!$H$2:$H$200,Factures_Paiements!$D$2:$D$200,$A11,Factures_Paiements!$E$2:$E$200,$B11,Factures_Paiements!$J$2:$J$200,"Payée")) | J11: =IF($A11="","",F11-G11) | K11: =IF($A11="","",H11-I11) | L11: =IF($A11="","",F11-H11) | M11: =IF($A11="","",IF(F11=0,0,H11/F11)) | N11: =IF($A11="","",IF(H11>F11,"Dépassement",IF(J11<0,"Engagé > budget",""))) | O11: =IF($A11="","",MAX(0,$H11-$F11)) | P11: =IF($A11="","",IF($F11=0,"",$O11/$F11)) | Q11: =IF($A11="","",IF($O11=0,"",RANK.EQ($O11,$O$2:$O$200,0)+COUNTIF($O$2:$O11,$O11)-1))
F12: =IF($A12="","",D12+E12) | G12: =IF($A12="","",SUMIFS(Engagements!$H$2:$H$200,Engagements!$C$2:$C$200,$A12,Engagements!$D$2:$D$200,$B12)) | H12: =IF($A12="","",SUMIFS(Factures_Paiements!$H$2:$H$200,Factures_Paiements!$D$2:$D$200,$A12,Factures_Paiements!$E$2:$E$200,$B12)) | I12: =IF($A12="","",SUMIFS(Factures_Paiements!$H$2:$H$200,Factures_Paiements!$D$2:$D$200,$A12,Factures_Paiements!$E$2:$E$200,$B12,Factures_Paiements!$J$2:$J$200,"Payée")) | J12: =IF($A12="","",F12-G12) | K12: =IF($A12="","",H12-I12) | L12: =IF($A12="","",F12-H12) | M12: =IF($A12="","",IF(F12=0,0,H12/F12)) | N12: =IF($A12="","",IF(H12>F12,"Dépassement",IF(J12<0,"Engagé > budget",""))) | O12: =IF($A12="","",MAX(0,$H12-$F12)) | P12: =IF($A12="","",IF($F12=0,"",$O12/$F12)) | Q12: =IF($A12="","",IF($O12=0,"",RANK.EQ($O12,$O$2:$O$200,0)+COUNTIF($O$2:$O12,$O12)-1))
F13: =IF($A13="","",D13+E13) | G13: =IF($A13="","",SUMIFS(Engagements!$H$2:$H$200,Engagements!$C$2:$C$200,$A13,Engagements!$D$2:$D$200,$B13)) | H13: =IF($A13="","",SUMIFS(Factures_Paiements!$H$2:$H$200,Factures_Paiements!$D$2:$D$200,$A13,Factures_Paiements!$E$2:$E$200,$B13)) | I13: =IF($A13="","",SUMIFS(Factures_Paiements!$H$2:$H$200,Factures_Paiements!$D$2:$D$200,$A13,Factures_Paiements!$E$2:$E$200,$B13,Factures_Paiements!$J$2:$J$200,"Payée")) | J13: =IF($A13="","",F13-G13) | K13: =IF($A13="","",H13-I13) | L13: =IF($A13="","",F13-H13) | M13: =IF($A13="","",IF(F13=0,0,H13/F13)) | N13: =IF($A13="","",IF(H13>F13,"Dépassement",IF(J13<0,"Engagé > budget",""))) | O13: =IF($A13="","",MAX(0,$H13-$F13)) | P13: =IF($A13="","",IF($F13=0,"",$O13/$F13)) | Q13: =IF($A13="","",IF($O13=0,"",RANK.EQ($O13,$O$2:$O$200,0)+COUNTIF($O$2:$O13,$O13)-1))
F14: =IF($A14="","",D14+E14) | G14: =IF($A14="","",SUMIFS(Engagements!$H$2:$H$200,Engagements!$C$2:$C$200,$A14,Engagements!$D$2:$D$200,$B14)) | H14: =IF($A14="","",SUMIFS(Factures_Paiements!$H$2:$H$200,Factures_Paiements!$D$2:$D$200,$A14,Factures_Paiements!$E$2:$E$200,$B14)) | I14: =IF($A14="","",SUMIFS(Factures_Paiements!$H$2:$H$200,Factures_Paiements!$D$2:$D$200,$A14,Factures_Paiements!$E$2:$E$200,$B14,Factures_Paiements!$J$2:$J$200,"Payée")) | J14: =IF($A14="","",F14-G14) | K14: =IF($A14="","",H14-I14) | L14: =IF($A14="","",F14-H14) | M14: =IF($A14="","",IF(F14=0,0,H14/F14)) | N14: =IF($A14="","",IF(H14>F14,"Dépassement",IF(J14<0,"Engagé > budget",""))) | O14: =IF($A14="","",MAX(0,$H14-$F14)) | P14: =IF($A14="","",IF($F14=0,"",$O14/$F14)) | Q14: =IF($A14="","",IF($O14=0,"",RANK.EQ($O14,$O$2:$O$200,0)+COUNTIF($O$2:$O14,$O14)-1))
F15: =IF($A15="","",D15+E15) | G15: =IF($A15="","",SUMIFS(Engagements!$H$2:$H$200,Engagements!$C$2:$C$200,$A15,Engagements!$D$2:$D$200,$B15)) | H15: =IF($A15="","",SUMIFS(Factures_Paiements!$H$2:$H$200,Factures_Paiements!$D$2:$D$200,$A15,Factures_Paiements!$E$2:$E$200,$B15)) | I15: =IF($A15="","",SUMIFS(Factures_Paiements!$H$2:$H$200,Factures_Paiements!$D$2:$D$200,$A15,Factures_Paiements!$E$2:$E$200,$B15,Factures_Paiements!$J$2:$J$200,"Payée")) | J15: =IF($A15="","",F15-G15) | K15: =IF($A15="","",H15-I15) | L15: =IF($A15="","",F15-H15) | M15: =IF($A15="","",IF(F15=0,0,H15/F15)) | N15: =IF($A15="","",IF(H15>F15,"Dépassement",IF(J15<0,"Engagé > budget",""))) | O15: =IF($A15="","",MAX(0,$H15-$F15)) | P15: =IF($A15="","",IF($F15=0,"",$O15/$F15)) | Q15: =IF($A15="","",IF($O15=0,"",RANK.EQ($O15,$O$2:$O$200,0)+COUNTIF($O$2:$O15,$O15)-1))
F16: =IF($A16="","",D16+E16) | G16: =IF($A16="","",SUMIFS(Engagements!$H$2:$H$200,Engagements!$C$2:$C$200,$A16,Engagements!$D$2:$D$200,$B16)) | H16: =IF($A16="","",SUMIFS(Factures_Paiements!$H$2:$H$200,Factures_Paiements!$D$2:$D$200,$A16,Factures_Paiements!$E$2:$E$200,$B16)) | I16: =IF($A16="","",SUMIFS(Factures_Paiements!$H$2:$H$200,Factures_Paiements!$D$2:$D$200,$A16,Factures_Paiements!$E$2:$E$200,$B16,Factures_Paiements!$J$2:$J$200,"Payée")) | J16: =IF($A16="","",F16-G16) | K16: =IF($A16="","",H16-I16) | L16: =IF($A16="","",F16-H16) | M16: =IF($A16="","",IF(F16=0,0,H16/F16)) | N16: =IF($A16="","",IF(H16>F16,"Dépassement",IF(J16<0,"Engagé > budget",""))) | O16: =IF($A16="","",MAX(0,$H16-$F16)) | P16: =IF($A16="","",IF($F16=0,"",$O16/$F16)) | Q16: =IF($A16="","",IF($O16=0,"",RANK.EQ($O16,$O$2:$O$200,0)+COUNTIF($O$2:$O16,$O16)-1))
F17: =IF($A17="","",D17+E17) | G17: =IF($A17="","",SUMIFS(Engagements!$H$2:$H$200,Engagements!$C$2:$C$200,$A17,Engagements!$D$2:$D$200,$B17)) | H17: =IF($A17="","",SUMIFS(Factures_Paiements!$H$2:$H$200,Factures_Paiements!$D$2:$D$200,$A17,Factures_Paiements!$E$2:$E$200,$B17)) | I17: =IF($A17="","",SUMIFS(Factures_Paiements!$H$2:$H$200,Factures_Paiements!$D$2:$D$200,$A17,Factures_Paiements!$E$2:$E$200,$B17,Factures_Paiements!$J$2:$J$200,"Payée")) | J17: =IF($A17="","",F17-G17) | K17: =IF($A17="","",H17-I17) | L17: =IF($A17="","",F17-H17) | M17: =IF($A17="","",IF(F17=0,0,H17/F17)) | N17: =IF($A17="","",IF(H17>F17,"Dépassement",IF(J17<0,"Engagé > budget",""))) | O17: =IF($A17="","",MAX(0,$H17-$F17)) | P17: =IF($A17="","",IF($F17=0,"",$O17/$F17)) | Q17: =IF($A17="","",IF($O17=0,"",RANK.EQ($O17,$O$2:$O$200,0)+COUNTIF($O$2:$O17,$O17)-1))
F18: =IF($A18="","",D18+E18) | G18: =IF($A18="","",SUMIFS(Engagements!$H$2:$H$200,Engagements!$C$2:$C$200,$A18,Engagements!$D$2:$D$200,$B18)) | H18: =IF($A18="","",SUMIFS(Factures_Paiements!$H$2:$H$200,Factures_Paiements!$D$2:$D$200,$A18,Factures_Paiements!$E$2:$E$200,$B18)) | I18: =IF($A18="","",SUMIFS(Factures_Paiements!$H$2:$H$200,Factures_Paiements!$D$2:$D$200,$A18,Factures_Paiements!$E$2:$E$200,$B18,Factures_Paiements!$J$2:$J$200,"Payée")) | J18: =IF($A18="","",F18-G18) | K18: =IF($A18="","",H18-I18) | L18: =IF($A18="","",F18-H18) | M18: =IF($A18="","",IF(F18=0,0,H18/F18)) | N18: =IF($A18="","",IF(H18>F18,"Dépassement",IF(J18<0,"Engagé > budget",""))) | O18: =IF($A18="","",MAX(0,$H18-$F18)) | P18: =IF($A18="","",IF($F18=0,"",$O18/$F18)) | Q18: =IF($A18="","",IF($O18=0,"",RANK.EQ($O18,$O$2:$O$200,0)+COUNTIF($O$2:$O18,$O18)-1))
F19: =IF($A19="","",D19+E19) | G19: =IF($A19="","",SUMIFS(Engagements!$H$2:$H$200,Engagements!$C$2:$C$200,$A19,Engagements!$D$2:$D$200,$B19)) | H19: =IF($A19="","",SUMIFS(Factures_Paiements!$H$2:$H$200,Factures_Paiements!$D$2:$D$200,$A19,Factures_Paiements!$E$2:$E$200,$B19)) | I19: =IF($A19="","",SUMIFS(Factures_Paiements!$H$2:$H$200,Factures_Paiements!$D$2:$D$200,$A19,Factures_Paiements!$E$2:$E$200,$B19,Factures_Paiements!$J$2:$J$200,"Payée")) | J19: =IF($A19="","",F19-G19) | K19: =IF($A19="","",H19-I19) | L19: =IF($A19="","",F19-H19) | M19: =IF($A19="","",IF(F19=0,0,H19/F19)) | N19: =IF($A19="","",IF(H19>F19,"Dépassement",IF(J19<0,"Engagé > budget",""))) | O19: =IF($A19="","",MAX(0,$H19-$F19)) | P19: =IF($A19="","",IF($F19=0,"",$O19/$F19)) | Q19: =IF($A19="","",IF($O19=0,"",RANK.EQ($O19,$O$2:$O$200,0)+COUNTIF($O$2:$O19,$O19)-1))
F20: =IF($A20="","",D20+E20) | G20: =IF($A20="","",SUMIFS(Engagements!$H$2:$H$200,Engagements!$C$2:$C$200,$A20,Engagements!$D$2:$D$200,$B20)) | H20: =IF($A20="","",SUMIFS(Factures_Paiements!$H$2:$H$200,Factures_Paiements!$D$2:$D$200,$A20,Factures_Paiements!$E$2:$E$200,$B20)) | I20: =IF($A20="","",SUMIFS(Factures_Paiements!$H$2:$H$200,Factures_Paiements!$D$2:$D$200,$A20,Factures_Paiements!$E$2:$E$200,$B20,Factures_Paiements!$J$2:$J$200,"Payée")) | J20: =IF($A20="","",F20-G20) | K20: =IF($A20="","",H20-I20) | L20: =IF($A20="","",F20-H20) | M20: =IF($A20="","",IF(F20=0,0,H20/F20)) | N20: =IF($A20="","",IF(H20>F20,"Dépassement",IF(J20<0,"Engagé > budget",""))) | O20: =IF($A20="","",MAX(0,$H20-$F20)) | P20: =IF($A20="","",IF($F20=0,"",$O20/$F20)) | Q20: =IF($A20="","",IF($O20=0,"",RANK.EQ($O20,$O$2:$O$200,0)+COUNTIF($O$2:$O20,$O20)-1))
F21: =IF($A21="","",D21+E21) | G21: =IF($A21="","",SUMIFS(Engagements!$H$2:$H$200,Engagements!$C$2:$C$200,$A21,Engagements!$D$2:$D$200,$B21)) | H21: =IF($A21="","",SUMIFS(Factures_Paiements!$H$2:$H$200,Factures_Paiements!$D$2:$D$200,$A21,Factures_Paiements!$E$2:$E$200,$B21)) | I21: =IF($A21="","",SUMIFS(Factures_Paiements!$H$2:$H$200,Factures_Paiements!$D$2:$D$200,$A21,Factures_Paiements!$E$2:$E$200,$B21,Factures_Paiements!$J$2:$J$200,"Payée")) | J21: =IF($A21="","",F21-G21) | K21: =IF($A21="","",H21-I21) | L21: =IF($A21="","",F21-H21) | M21: =IF($A21="","",IF(F21=0,0,H21/F21)) | N21: =IF($A21="","",IF(H21>F21,"Dépassement",IF(J21<0,"Engagé > budget",""))) | O21: =IF($A21="","",MAX(0,$H21-$F21)) | P21: =IF($A21="","",IF($F21=0,"",$O21/$F21)) | Q21: =IF($A21="","",IF($O21=0,"",RANK.EQ($O21,$O$2:$O$200,0)+COUNTIF($O$2:$O21,$O21)-1))
F22: =IF($A22="","",D22+E22) | G22: =IF($A22="","",SUMIFS(Engagements!$H$2:$H$200,Engagements!$C$2:$C$200,$A22,Engagements!$D$2:$D$200,$B22)) | H22: =IF($A22="","",SUMIFS(Factures_Paiements!$H$2:$H$200,Factures_Paiements!$D$2:$D$200,$A22,Factures_Paiements!$E$2:$E$200,$B22)) | I22: =IF($A22="","",SUMIFS(Factures_Paiements!$H$2:$H$200,Factures_Paiements!$D$2:$D$200,$A22,Factures_Paiements!$E$2:$E$200,$B22,Factures_Paiements!$J$2:$J$200,"Payée")) | J22: =IF($A22="","",F22-G22) | K22: =IF($A22="","",H22-I22) | L22: =IF($A22="","",F22-H22) | M22: =IF($A22="","",IF(F22=0,0,H22/F22)) | N22: =IF($A22="","",IF(H22>F22,"Dépassement",IF(J22<0,"Engagé > budget",""))) | O22: =IF($A22="","",MAX(0,$H22-$F22)) | P22: =IF($A22="","",IF($F22=0,"",$O22/$F22)) | Q22: =IF($A22="","",IF($O22=0,"",RANK.EQ($O22,$O$2:$O$200,0)+COUNTIF($O$2:$O22,$O22)-1))
... F200: =IF($A200="","",D200+E200) | G200: =IF($A200="","",SUMIFS(Engagements!$H$2:$H$200,Engagements!$C$2:$C$200,$A200,Engagements!$D$2:$D$200,$B200)) | H200: =IF($A200="","",SUMIFS(Factures_Paiements!$H$2:$H$200,Factures_Paiements!$D$2:$D$200,$A200,Factures_Paiements!$E$2:$E$200,$B200)) | I200: =IF($A200="","",SUMIFS(Factures_Paiements!$H$2:$H$200,Factures_Paiements!$D$2:$D$200,$A200,Factures_Paiements!$E$2:$E$200,$B200,Factures_Paiements!$J$2:$J$200,"Payée")) | J200: =IF($A200="","",F200-G200) | K200: =IF($A200="","",H200-I200) | L200: =IF($A200="","",F200-H200) | M200: =IF($A200="","",IF(F200=0,0,H200/F200)) | N200: =IF($A200="","",IF(H200>F200,"Dépassement",IF(J200<0,"Engagé > budget",""))) | O200: =IF($A200="","",MAX(0,$H200-$F200)) | P200: =IF($A200="","",IF($F200=0,"",$O200/$F200)) | Q200: =IF($A200="","",IF($O200=0,"",RANK.EQ($O200,$O$2:$O$200,0)+COUNTIF($O$2:$O200,$O200)-1))
F201: =D201+E201 | G201: =IF($A201="",0,SUMIFS(Engagements!$H$2:$H$200,Engagements!$C$2:$C$200,$A201,Engagements!$D$2:$D$200,$B201)) | H201: =IF($A201="",0,SUMIFS(Factures_Paiements!$H$2:$H$200,Factures_Paiements!$D$2:$D$200,$A201,Factures_Paiements!$E$2:$E$200,$B201)) | I201: =IF($A201="",0,SUMIFS(Factures_Paiements!$H$2:$H$200,Factures_Paiements!$D$2:$D$200,$A201,Factures_Paiements!$E$2:$E$200,$B201,Factures_Paiements!$J$2:$J$200,"Payée")) | J201: =F201-G201 | K201: =H201-I201 | L201: =F201-H201 | M201: =IF(F201=0,0,H201/F201) | N201: =IF(H201>F201,"Dépassement",IF(J201<0,"Engagé > budget",""))
C202: TOTAL | D202: =SUM(D2:D200) | E202: =SUM(E2:E200) | F202: =SUM(F2:F200) | G202: =SUM(G2:G200) | H202: =SUM(H2:H200) | I202: =SUM(I2:I200) | J202: =F202-G202 | K202: =H202-I202 | L202: =F202-H202 | M202: =IF(F202=0,0,H202/F202) | O202: =SUM(O2:O200) | P202: =IF(F202=0,"",O202/F202)

Sheet Engagements
A1: Date BC | B1: Fournisseur | C1: Poste | D1: Lot/Zone | E1: Référence | F1: Montant HT | G1: TVA % | H1: Montant TTC | I1: Statut | J1: Commentaire
A2: 46028 | B2: Fournisseur D | C2: Terrassement/VRD | D2: Extérieur | E2: BC-001 | F2: 15000 | G2: =Paramètres!$B$7 | H2: =IF(F2="","",F2*(1+G2)) | I2: Livré | J2: Evacuation + benne
A3: 46029 | B3: Fournisseur A | C3: Gros œuvre | D3: Zone A | E3: BC-002 | F3: 80000 | G3: =Paramètres!$B$7 | H3: =IF(F3="","",F3*(1+G3)) | I3: Commandé | J3: Béton + ferraillage
A4: 46032 | B4: Location Matériel E | C4: Gros œuvre | D4: Zone A | E4: BC-003 | F4: 8000 | G4: =Paramètres!$B$7 | H4: =IF(F4="","",F4*(1+G4)) | I4: Livré | J4: Échafaudage (2 semaines)
A5: 46034 | B5: Sous-traitant C | C5: Électricité | D5: Niveau 1 | E5: BC-004 | F5: 20000 | G5: =Paramètres!$B$7 | H5: =IF(F5="","",F5*(1+G5)) | I5: Commandé | J5: Câblage + appareillage
A6: 46036 | B6: Fournisseur B | C6: Plomberie | D6: Niveau 1 | E6: BC-005 | F6: 12000 | G6: =Paramètres!$B$7 | H6: =IF(F6="","",F6*(1+G6)) | I6: Commandé | J6: Réseaux EF/EC (matériel)
A7: 46042 | B7: Fournisseur B | C7: Revêtements sols | D7: Niveau 1 | E7: BC-006 | F7: 10000 | G7: =Paramètres!$B$7 | H7: =IF(F7="","",F7*(1+G7)) | I7: Prévu | J7: Carrelage (commande)
A8: 46055 | B8: Sous-traitant C | C8: Électricité | D8: Niveau 1 | E8: BC-007 | F8: 8000 | G8: =Paramètres!$B$7 | H8: =IF(F8="","",F8*(1+G8)) | I8: Prévu | J8: Luminaires + accessoires
A9: 46058 | B9: Sous-traitant C | C9: Menuiserie | D9: Tout | E9: BC-008 | F9: 25000 | G9: =Paramètres!$B$7 | H9: =IF(F9="","",F9*(1+G9)) | I9: Commandé | J9: Portes + placards
A10: 46061 | B10: Fournisseur A | C10: Étanchéité | D10: Toiture | E10: BC-009 | F10: 10000 | G10: =Paramètres!$B$7 | H10: =IF(F10="","",F10*(1+G10)) | I10: Livré | J10: Étanchéité terrasse
A11: 46065 | B11: Fournisseur A | C11: Plâtrerie/Peinture | D11: Tout | E11: BC-010 | F11: 15000 | G11: =Paramètres!$B$7 | H11: =IF(F11="","",F11*(1+G11)) | I11: Commandé | J11: Enduits + primaire
A12: 46068 | B12: Fournisseur D | C12: Divers | D12: Site | E12: BC-011 | F12: 5000 | G12: =Paramètres!$B$7 | H12: =IF(F12="","",F12*(1+G12)) | I12: Prévu | J12: Protections + consommables
G13: =Paramètres!$B$7 | H13: =IF(F13="","",F13*(1+G13))
G14: =Paramètres!$B$7 | H14: =IF(F14="","",F14*(1+G14))
G15: =Paramètres!$B$7 | H15: =IF(F15="","",F15*(1+G15))
G16: =Paramètres!$B$7 | H16: =IF(F16="","",F16*(1+G16))
G17: =Paramètres!$B$7 | H17: =IF(F17="","",F17*(1+G17))
G18: =Paramètres!$B$7 | H18: =IF(F18="","",F18*(1+G18))
G19: =Paramètres!$B$7 | H19: =IF(F19="","",F19*(1+G19))
G20: =Paramètres!$B$7 | H20: =IF(F20="","",F20*(1+G20))
G21: =Paramètres!$B$7 | H21: =IF(F21="","",F21*(1+G21))
G22: =Paramètres!$B$7 | H22: =IF(F22="","",F22*(1+G22))
G23: =Paramètres!$B$7 | H23: =IF(F23="","",F23*(1+G23))
G24: =Paramètres!$B$7 | H24: =IF(F24="","",F24*(1+G24))
... G200: =Paramètres!$B$7 | H200: =IF(F200="","",F200*(1+G200))

Sheet Factures_Paiements
A1: Date facture | B1: N° facture | C1: Fournisseur | D1: Poste | E1: Lot/Zone | F1: Montant HT | G1: TVA % | H1: Montant TTC | I1: Échéance | J1: Statut | K1: Date paiement | L1: Mode | M1: N° règlement | N1: Retard (j) | O1: Alerte | P1: Observations | Q1: Retard_key
A2: 46042 | B2: FAC-001 | C2: Fournisseur A | D2: Gros œuvre | E2: Zone A | F2: 40000 | G2: =Paramètres!$B$7 | H2: =IF(F2="","",F2*(1+G2)) | I2: 46058 | J2: À payer | L2: Virement | N2: =IF(J2="Payée",0,IF(I2="",0,MAX(0,Paramètres!$B$11-I2))) | O2: =IF(AND(J2<>"Payée",N2>0),"En retard","") | P2: 1ère situation | Q2: =IF($N2=0,"",$N2+ROW()/10000)
A3: 46050 | B3: FAC-002 | C3: Location Matériel E | D3: Gros œuvre | E3: Zone A | F3: 8000 | G3: =Paramètres!$B$7 | H3: =IF(F3="","",F3*(1+G3)) | I3: 46052 | J3: Payée | K3: 46052 | L3: Carte | M3: RG-001 | N3: =IF(J3="Payée",0,IF(I3="",0,MAX(0,Paramètres!$B$11-I3))) | O3: =IF(AND(J3<>"Payée",N3>0),"En retard","") | P3: Location | Q3: =IF($N3=0,"",$N3+ROW()/10000)
A4: 46063 | B4: FAC-003 | C4: Fournisseur D | D4: Terrassement/VRD | E4: Extérieur | F4: 15000 | G4: =Paramètres!$B$7 | H4: =IF(F4="","",F4*(1+G4)) | I4: 46070 | J4: Payée | K4: 46065 | L4: Virement | M4: RG-002 | N4: =IF(J4="Payée",0,IF(I4="",0,MAX(0,Paramètres!$B$11-I4))) | O4: =IF(AND(J4<>"Payée",N4>0),"En retard","") | Q4: =IF($N4=0,"",$N4+ROW()/10000)
A5: 46065 | B5: FAC-004 | C5: Sous-traitant C | D5: Électricité | E5: Niveau 1 | F5: 12000 | G5: =Paramètres!$B$7 | H5: =IF(F5="","",F5*(1+G5)) | I5: 46080 | J5: À payer | L5: Virement | N5: =IF(J5="Payée",0,IF(I5="",0,MAX(0,Paramètres!$B$11-I5))) | O5: =IF(AND(J5<>"Payée",N5>0),"En retard","") | Q5: =IF($N5=0,"",$N5+ROW()/10000)
A6: 46071 | B6: FAC-005 | C6: Fournisseur B | D6: Plomberie | E6: Niveau 1 | F6: 10000 | G6: =Paramètres!$B$7 | H6: =IF(F6="","",F6*(1+G6)) | I6: 46078 | J6: Payée | K6: 46075 | L6: Virement | M6: RG-003 | N6: =IF(J6="Payée",0,IF(I6="",0,MAX(0,Paramètres!$B$11-I6))) | O6: =IF(AND(J6<>"Payée",N6>0),"En retard","") | Q6: =IF($N6=0,"",$N6+ROW()/10000)
A7: 46078 | B7: FAC-006 | C7: Fournisseur A | D7: Étanchéité | E7: Toiture | F7: 10000 | G7: =Paramètres!$B$7 | H7: =IF(F7="","",F7*(1+G7)) | I7: 46091 | J7: Payée | K7: 46086 | L7: Virement | M7: RG-004 | N7: =IF(J7="Payée",0,IF(I7="",0,MAX(0,Paramètres!$B$11-I7))) | O7: =IF(AND(J7<>"Payée",N7>0),"En retard","") | Q7: =IF($N7=0,"",$N7+ROW()/10000)
A8: 46083 | B8: FAC-007 | C8: Sous-traitant C | D8: Menuiserie | E8: Tout | F8: 20000 | G8: =Paramètres!$B$7 | H8: =IF(F8="","",F8*(1+G8)) | I8: 46098 | J8: À payer | L8: Virement | N8: =IF(J8="Payée",0,IF(I8="",0,MAX(0,Paramètres!$B$11-I8))) | O8: =IF(AND(J8<>"Payée",N8>0),"En retard","") | Q8: =IF($N8=0,"",$N8+ROW()/10000)
A9: 46086 | B9: FAC-008 | C9: Fournisseur B | D9: Revêtements sols | E9: Niveau 1 | F9: 8000 | G9: =Paramètres!$B$7 | H9: =IF(F9="","",F9*(1+G9)) | I9: 46101 | J9: À payer | L9: Virement | N9: =IF(J9="Payée",0,IF(I9="",0,MAX(0,Paramètres!$B$11-I9))) | O9: =IF(AND(J9<>"Payée",N9>0),"En retard","") | Q9: =IF($N9=0,"",$N9+ROW()/10000)
A10: 46091 | B10: FAC-009 | C10: Fournisseur A | D10: Plâtrerie/Peinture | E10: Tout | F10: 10000 | G10: =Paramètres!$B$7 | H10: =IF(F10="","",F10*(1+G10)) | I10: 46106 | J10: Prévu | L10: Virement | N10: =IF(J10="Payée",0,IF(I10="",0,MAX(0,Paramètres!$B$11-I10))) | O10: =IF(AND(J10<>"Payée",N10>0),"En retard","") | Q10: =IF($N10=0,"",$N10+ROW()/10000)
A11: 46096 | B11: FAC-010 | C11: Fournisseur D | D11: Divers | E11: Site | F11: 3000 | G11: =Paramètres!$B$7 | H11: =IF(F11="","",F11*(1+G11)) | I11: 46111 | J11: Payée | K11: 46101 | L11: Carte | M11: RG-005 | N11: =IF(J11="Payée",0,IF(I11="",0,MAX(0,Paramètres!$B$11-I11))) | O11: =IF(AND(J11<>"Payée",N11>0),"En retard","") | Q11: =IF($N11=0,"",$N11+ROW()/10000)
G12: =Paramètres!$B$7 | H12: =IF(F12="","",F12*(1+G12)) | N12: =IF(J12="Payée",0,IF(I12="",0,MAX(0,Paramètres!$B$11-I12))) | O12: =IF(AND(J12<>"Payée",N12>0),"En retard","") | Q12: =IF($N12=0,"",$N12+ROW()/10000)
G13: =Paramètres!$B$7 | H13: =IF(F13="","",F13*(1+G13)) | N13: =IF(J13="Payée",0,IF(I13="",0,MAX(0,Paramètres!$B$11-I13))) | O13: =IF(AND(J13<>"Payée",N13>0),"En retard","") | Q13: =IF($N13=0,"",$N13+ROW()/10000)
G14: =Paramètres!$B$7 | H14: =IF(F14="","",F14*(1+G14)) | N14: =IF(J14="Payée",0,IF(I14="",0,MAX(0,Paramètres!$B$11-I14))) | O14: =IF(AND(J14<>"Payée",N14>0),"En retard","") | Q14: =IF($N14=0,"",$N14+ROW()/10000)
G15: =Paramètres!$B$7 | H15: =IF(F15="","",F15*(1+G15)) | N15: =IF(J15="Payée",0,IF(I15="",0,MAX(0,Paramètres!$B$11-I15))) | O15: =IF(AND(J15<>"Payée",N15>0),"En retard","") | Q15: =IF($N15=0,"",$N15+ROW()/10000)
G16: =Paramètres!$B$7 | H16: =IF(F16="","",F16*(1+G16)) | N16: =IF(J16="Payée",0,IF(I16="",0,MAX(0,Paramètres!$B$11-I16))) | O16: =IF(AND(J16<>"Payée",N16>0),"En retard","") | Q16: =IF($N16=0,"",$N16+ROW()/10000)
G17: =Paramètres!$B$7 | H17: =IF(F17="","",F17*(1+G17)) | N17: =IF(J17="Payée",0,IF(I17="",0,MAX(0,Paramètres!$B$11-I17))) | O17: =IF(AND(J17<>"Payée",N17>0),"En retard","") | Q17: =IF($N17=0,"",$N17+ROW()/10000)
G18: =Paramètres!$B$7 | H18: =IF(F18="","",F18*(1+G18)) | N18: =IF(J18="Payée",0,IF(I18="",0,MAX(0,Paramètres!$B$11-I18))) | O18: =IF(AND(J18<>"Payée",N18>0),"En retard","") | Q18: =IF($N18=0,"",$N18+ROW()/10000)
G19: =Paramètres!$B$7 | H19: =IF(F19="","",F19*(1+G19)) | N19: =IF(J19="Payée",0,IF(I19="",0,MAX(0,Paramètres!$B$11-I19))) | O19: =IF(AND(J19<>"Payée",N19>0),"En retard","") | Q19: =IF($N19=0,"",$N19+ROW()/10000)
G20: =Paramètres!$B$7 | H20: =IF(F20="","",F20*(1+G20)) | N20: =IF(J20="Payée",0,IF(I20="",0,MAX(0,Paramètres!$B$11-I20))) | O20: =IF(AND(J20<>"Payée",N20>0),"En retard","") | Q20: =IF($N20=0,"",$N20+ROW()/10000)
G21: =Paramètres!$B$7 | H21: =IF(F21="","",F21*(1+G21)) | N21: =IF(J21="Payée",0,IF(I21="",0,MAX(0,Paramètres!$B$11-I21))) | O21: =IF(AND(J21<>"Payée",N21>0),"En retard","") | Q21: =IF($N21=0,"",$N21+ROW()/10000)
G22: =Paramètres!$B$7 | H22: =IF(F22="","",F22*(1+G22)) | N22: =IF(J22="Payée",0,IF(I22="",0,MAX(0,Paramètres!$B$11-I22))) | O22: =IF(AND(J22<>"Payée",N22>0),"En retard","") | Q22: =IF($N22=0,"",$N22+ROW()/10000)
G23: =Paramètres!$B$7 | H23: =IF(F23="","",F23*(1+G23)) | N23: =IF(J23="Payée",0,IF(I23="",0,MAX(0,Paramètres!$B$11-I23))) | O23: =IF(AND(J23<>"Payée",N23>0),"En retard","") | Q23: =IF($N23=0,"",$N23+ROW()/10000)
... G200: =Paramètres!$B$7 | H200: =IF(F200="","",F200*(1+G200)) | N200: =IF(J200="Payée",0,IF(I200="",0,MAX(0,Paramètres!$B$11-I200))) | O200: =IF(AND(J200<>"Payée",N200>0),"En retard","") | Q200: =IF($N200=0,"",$N200+ROW()/10000)

Sheet Dashboard
A1: Dashboard – Suivi budget chantier
A3: Indicateurs clés | D3: Budget vs Payé par poste | H3: Cumul payé (mensuel) | M3: Répartition payé (fournisseurs)
A4: Budget révisé (TTC) | B4: =Budget_Suivi!F202 | D4: Poste | E4: Budget révisé | F4: Payé | H4: Mois | I4: Payé TTC | K4: Échéances non payées TTC | L4: Cumul payé TTC | M4: Fournisseur | N4: Payé TTC
A5: Facturé (TTC) | B5: =Budget_Suivi!H202 | D5: Terrassement/VRD | E5: =SUMIFS(Budget_Suivi!$F$2:$F$200,Budget_Suivi!$A$2:$A$200,$D5) | F5: =SUMIFS(Budget_Suivi!$I$2:$I$200,Budget_Suivi!$A$2:$A$200,$D5) | H5: =EOMONTH(Paramètres!$B$9,-1)+1 | I5: =SUMIFS(Factures_Paiements!$H$2:$H$200,Factures_Paiements!$K$2:$K$200,">="&H5,Factures_Paiements!$K$2:$K$200,"<"&EDATE(H5,1)) | J5: =EOMONTH(H5,0) | K5: =SUMIFS(Factures_Paiements!$H$2:$H$200,Factures_Paiements!$I$2:$I$200,">="&H5,Factures_Paiements!$I$2:$I$200,"<"&EDATE(H5,1),Factures_Paiements!$J$2:$J$200,"<>Payée") | L5: =I5 | M5: Fournisseur A | N5: =SUMIFS(Factures_Paiements!$H$2:$H$200,Factures_Paiements!$C$2:$C$200,$M5,Factures_Paiements!$J$2:$J$200,"Payée")
A6: Payé (TTC) | B6: =Budget_Suivi!I202 | D6: Gros œuvre | E6: =SUMIFS(Budget_Suivi!$F$2:$F$200,Budget_Suivi!$A$2:$A$200,$D6) | F6: =SUMIFS(Budget_Suivi!$I$2:$I$200,Budget_Suivi!$A$2:$A$200,$D6) | H6: =EDATE(H5,1) | I6: =SUMIFS(Factures_Paiements!$H$2:$H$200,Factures_Paiements!$K$2:$K$200,">="&H6,Factures_Paiements!$K$2:$K$200,"<"&EDATE(H6,1)) | J6: =EOMONTH(H6,0) | K6: =SUMIFS(Factures_Paiements!$H$2:$H$200,Factures_Paiements!$I$2:$I$200,">="&H6,Factures_Paiements!$I$2:$I$200,"<"&EDATE(H6,1),Factures_Paiements!$J$2:$J$200,"<>Payée") | L6: =L5+I6 | M6: Fournisseur B | N6: =SUMIFS(Factures_Paiements!$H$2:$H$200,Factures_Paiements!$C$2:$C$200,$M6,Factures_Paiements!$J$2:$J$200,"Payée")
A7: Reste à payer | B7: =Budget_Suivi!K202 | D7: Étanchéité | E7: =SUMIFS(Budget_Suivi!$F$2:$F$200,Budget_Suivi!$A$2:$A$200,$D7) | F7: =SUMIFS(Budget_Suivi!$I$2:$I$200,Budget_Suivi!$A$2:$A$200,$D7) | H7: =EDATE(H6,1) | I7: =SUMIFS(Factures_Paiements!$H$2:$H$200,Factures_Paiements!$K$2:$K$200,">="&H7,Factures_Paiements!$K$2:$K$200,"<"&EDATE(H7,1)) | J7: =EOMONTH(H7,0) | K7: =SUMIFS(Factures_Paiements!$H$2:$H$200,Factures_Paiements!$I$2:$I$200,">="&H7,Factures_Paiements!$I$2:$I$200,"<"&EDATE(H7,1),Factures_Paiements!$J$2:$J$200,"<>Payée") | L7: =L6+I7 | M7: Sous-traitant C | N7: =SUMIFS(Factures_Paiements!$H$2:$H$200,Factures_Paiements!$C$2:$C$200,$M7,Factures_Paiements!$J$2:$J$200,"Payée")
A8: % consommé | B8: =Budget_Suivi!M202 | D8: Électricité | E8: =SUMIFS(Budget_Suivi!$F$2:$F$200,Budget_Suivi!$A$2:$A$200,$D8) | F8: =SUMIFS(Budget_Suivi!$I$2:$I$200,Budget_Suivi!$A$2:$A$200,$D8) | H8: =EDATE(H7,1) | I8: =SUMIFS(Factures_Paiements!$H$2:$H$200,Factures_Paiements!$K$2:$K$200,">="&H8,Factures_Paiements!$K$2:$K$200,"<"&EDATE(H8,1)) | J8: =EOMONTH(H8,0) | K8: =SUMIFS(Factures_Paiements!$H$2:$H$200,Factures_Paiements!$I$2:$I$200,">="&H8,Factures_Paiements!$I$2:$I$200,"<"&EDATE(H8,1),Factures_Paiements!$J$2:$J$200,"<>Payée") | L8: =L7+I8 | M8: Quincaillerie D | N8: =SUMIFS(Factures_Paiements!$H$2:$H$200,Factures_Paiements!$C$2:$C$200,$M8,Factures_Paiements!$J$2:$J$200,"Payée")
A9: Dépassements (nb) | B9: =COUNTIF(Budget_Suivi!N2:N200,"Dépassement") | D9: Plomberie | E9: =SUMIFS(Budget_Suivi!$F$2:$F$200,Budget_Suivi!$A$2:$A$200,$D9) | F9: =SUMIFS(Budget_Suivi!$I$2:$I$200,Budget_Suivi!$A$2:$A$200,$D9) | H9: =EDATE(H8,1) | I9: =SUMIFS(Factures_Paiements!$H$2:$H$200,Factures_Paiements!$K$2:$K$200,">="&H9,Factures_Paiements!$K$2:$K$200,"<"&EDATE(H9,1)) | J9: =EOMONTH(H9,0) | K9: =SUMIFS(Factures_Paiements!$H$2:$H$200,Factures_Paiements!$I$2:$I$200,">="&H9,Factures_Paiements!$I$2:$I$200,"<"&EDATE(H9,1),Factures_Paiements!$J$2:$J$200,"<>Payée") | L9: =L8+I9 | M9: Location Matériel E | N9: =SUMIFS(Factures_Paiements!$H$2:$H$200,Factures_Paiements!$C$2:$C$200,$M9,Factures_Paiements!$J$2:$J$200,"Payée")
A10: Engagé (TTC) | B10: =Budget_Suivi!G202 | D10: Plâtrerie/Peinture | E10: =SUMIFS(Budget_Suivi!$F$2:$F$200,Budget_Suivi!$A$2:$A$200,$D10) | F10: =SUMIFS(Budget_Suivi!$I$2:$I$200,Budget_Suivi!$A$2:$A$200,$D10) | H10: =EDATE(H9,1) | I10: =SUMIFS(Factures_Paiements!$H$2:$H$200,Factures_Paiements!$K$2:$K$200,">="&H10,Factures_Paiements!$K$2:$K$200,"<"&EDATE(H10,1)) | J10: =EOMONTH(H10,0) | K10: =SUMIFS(Factures_Paiements!$H$2:$H$200,Factures_Paiements!$I$2:$I$200,">="&H10,Factures_Paiements!$I$2:$I$200,"<"&EDATE(H10,1),Factures_Paiements!$J$2:$J$200,"<>Payée") | L10: =L9+I10
A11: Reste à engager | B11: =Budget_Suivi!J202 | D11: Menuiserie | E11: =SUMIFS(Budget_Suivi!$F$2:$F$200,Budget_Suivi!$A$2:$A$200,$D11) | F11: =SUMIFS(Budget_Suivi!$I$2:$I$200,Budget_Suivi!$A$2:$A$200,$D11) | H11: =EDATE(H10,1) | I11: =SUMIFS(Factures_Paiements!$H$2:$H$200,Factures_Paiements!$K$2:$K$200,">="&H11,Factures_Paiements!$K$2:$K$200,"<"&EDATE(H11,1)) | J11: =EOMONTH(H11,0) | K11: =SUMIFS(Factures_Paiements!$H$2:$H$200,Factures_Paiements!$I$2:$I$200,">="&H11,Factures_Paiements!$I$2:$I$200,"<"&EDATE(H11,1),Factures_Paiements!$J$2:$J$200,"<>Payée") | L11: =L10+I11
A12: Dépassement total (TTC) | B12: =Budget_Suivi!O202 | D12: Revêtements sols | E12: =SUMIFS(Budget_Suivi!$F$2:$F$200,Budget_Suivi!$A$2:$A$200,$D12) | F12: =SUMIFS(Budget_Suivi!$I$2:$I$200,Budget_Suivi!$A$2:$A$200,$D12) | H12: =EDATE(H11,1) | I12: =SUMIFS(Factures_Paiements!$H$2:$H$200,Factures_Paiements!$K$2:$K$200,">="&H12,Factures_Paiements!$K$2:$K$200,"<"&EDATE(H12,1)) | J12: =EOMONTH(H12,0) | K12: =SUMIFS(Factures_Paiements!$H$2:$H$200,Factures_Paiements!$I$2:$I$200,">="&H12,Factures_Paiements!$I$2:$I$200,"<"&EDATE(H12,1),Factures_Paiements!$J$2:$J$200,"<>Payée") | L12: =L11+I12
A13: Taux dépassement total | B13: =Budget_Suivi!P202 | D13: Divers | E13: =SUMIFS(Budget_Suivi!$F$2:$F$200,Budget_Suivi!$A$2:$A$200,$D13) | F13: =SUMIFS(Budget_Suivi!$I$2:$I$200,Budget_Suivi!$A$2:$A$200,$D13) | H13: =EDATE(H12,1) | I13: =SUMIFS(Factures_Paiements!$H$2:$H$200,Factures_Paiements!$K$2:$K$200,">="&H13,Factures_Paiements!$K$2:$K$200,"<"&EDATE(H13,1)) | J13: =EOMONTH(H13,0) | K13: =SUMIFS(Factures_Paiements!$H$2:$H$200,Factures_Paiements!$I$2:$I$200,">="&H13,Factures_Paiements!$I$2:$I$200,"<"&EDATE(H13,1),Factures_Paiements!$J$2:$J$200,"<>Payée") | L13: =L12+I13
A14: % engagé | B14: =IF(Budget_Suivi!F202=0,"",Budget_Suivi!G202/Budget_Suivi!F202) | H14: =EDATE(H13,1) | I14: =SUMIFS(Factures_Paiements!$H$2:$H$200,Factures_Paiements!$K$2:$K$200,">="&H14,Factures_Paiements!$K$2:$K$200,"<"&EDATE(H14,1)) | J14: =EOMONTH(H14,0) | K14: =SUMIFS(Factures_Paiements!$H$2:$H$200,Factures_Paiements!$I$2:$I$200,">="&H14,Factures_Paiements!$I$2:$I$200,"<"&EDATE(H14,1),Factures_Paiements!$J$2:$J$200,"<>Payée") | L14: =L13+I14
A15: % facturé | B15: =IF(Budget_Suivi!F202=0,"",Budget_Suivi!H202/Budget_Suivi!F202) | D15: Engagé / Facturé / Payé par poste | H15: =EDATE(H14,1) | I15: =SUMIFS(Factures_Paiements!$H$2:$H$200,Factures_Paiements!$K$2:$K$200,">="&H15,Factures_Paiements!$K$2:$K$200,"<"&EDATE(H15,1)) | J15: =EOMONTH(H15,0) | K15: =SUMIFS(Factures_Paiements!$H$2:$H$200,Factures_Paiements!$I$2:$I$200,">="&H15,Factures_Paiements!$I$2:$I$200,"<"&EDATE(H15,1),Factures_Paiements!$J$2:$J$200,"<>Payée") | L15: =L14+I15
A16: % payé | B16: =IF(Budget_Suivi!F202=0,"",Budget_Suivi!I202/Budget_Suivi!F202) | D16: Poste | E16: Engagé | F16: Facturé | G16: Payé | H16: =EDATE(H15,1) | I16: =SUMIFS(Factures_Paiements!$H$2:$H$200,Factures_Paiements!$K$2:$K$200,">="&H16,Factures_Paiements!$K$2:$K$200,"<"&EDATE(H16,1)) | J16: =EOMONTH(H16,0) | K16: =SUMIFS(Factures_Paiements!$H$2:$H$200,Factures_Paiements!$I$2:$I$200,">="&H16,Factures_Paiements!$I$2:$I$200,"<"&EDATE(H16,1),Factures_Paiements!$J$2:$J$200,"<>Payée") | L16: =L15+I16
D17: =Dashboard!$D$5 | E17: =SUMIFS(Budget_Suivi!$G$2:$G$200,Budget_Suivi!$A$2:$A$200,$D17) | F17: =SUMIFS(Budget_Suivi!$H$2:$H$200,Budget_Suivi!$A$2:$A$200,$D17) | G17: =SUMIFS(Budget_Suivi!$I$2:$I$200,Budget_Suivi!$A$2:$A$200,$D17)
A18: Top 5 dépassements (Facturé > Budget) | D18: =Dashboard!$D$6 | E18: =SUMIFS(Budget_Suivi!$G$2:$G$200,Budget_Suivi!$A$2:$A$200,$D18) | F18: =SUMIFS(Budget_Suivi!$H$2:$H$200,Budget_Suivi!$A$2:$A$200,$D18) | G18: =SUMIFS(Budget_Suivi!$I$2:$I$200,Budget_Suivi!$A$2:$A$200,$D18)
A19: Poste | B19: Lot/Zone | C19: Dépassement TTC | D19: =Dashboard!$D$7 | E19: =SUMIFS(Budget_Suivi!$G$2:$G$200,Budget_Suivi!$A$2:$A$200,$D19) | F19: =SUMIFS(Budget_Suivi!$H$2:$H$200,Budget_Suivi!$A$2:$A$200,$D19) | G19: =SUMIFS(Budget_Suivi!$I$2:$I$200,Budget_Suivi!$A$2:$A$200,$D19)
A20: =IFERROR(INDEX(Budget_Suivi!$A$2:$A$200,MATCH(1,Budget_Suivi!$Q$2:$Q$200,0)),"") | B20: =IF($A20="","",INDEX(Budget_Suivi!$B$2:$B$200,MATCH(1,Budget_Suivi!$Q$2:$Q$200,0))) | C20: =IF($A20="","",INDEX(Budget_Suivi!$O$2:$O$200,MATCH(1,Budget_Suivi!$Q$2:$Q$200,0))) | D20: =Dashboard!$D$8 | E20: =SUMIFS(Budget_Suivi!$G$2:$G$200,Budget_Suivi!$A$2:$A$200,$D20) | F20: =SUMIFS(Budget_Suivi!$H$2:$H$200,Budget_Suivi!$A$2:$A$200,$D20) | G20: =SUMIFS(Budget_Suivi!$I$2:$I$200,Budget_Suivi!$A$2:$A$200,$D20)
A21: =IFERROR(INDEX(Budget_Suivi!$A$2:$A$200,MATCH(2,Budget_Suivi!$Q$2:$Q$200,0)),"") | B21: =IF($A21="","",INDEX(Budget_Suivi!$B$2:$B$200,MATCH(2,Budget_Suivi!$Q$2:$Q$200,0))) | C21: =IF($A21="","",INDEX(Budget_Suivi!$O$2:$O$200,MATCH(2,Budget_Suivi!$Q$2:$Q$200,0))) | D21: =Dashboard!$D$9 | E21: =SUMIFS(Budget_Suivi!$G$2:$G$200,Budget_Suivi!$A$2:$A$200,$D21) | F21: =SUMIFS(Budget_Suivi!$H$2:$H$200,Budget_Suivi!$A$2:$A$200,$D21) | G21: =SUMIFS(Budget_Suivi!$I$2:$I$200,Budget_Suivi!$A$2:$A$200,$D21)
A22: =IFERROR(INDEX(Budget_Suivi!$A$2:$A$200,MATCH(3,Budget_Suivi!$Q$2:$Q$200,0)),"") | B22: =IF($A22="","",INDEX(Budget_Suivi!$B$2:$B$200,MATCH(3,Budget_Suivi!$Q$2:$Q$200,0))) | C22: =IF($A22="","",INDEX(Budget_Suivi!$O$2:$O$200,MATCH(3,Budget_Suivi!$Q$2:$Q$200,0))) | D22: =Dashboard!$D$10 | E22: =SUMIFS(Budget_Suivi!$G$2:$G$200,Budget_Suivi!$A$2:$A$200,$D22) | F22: =SUMIFS(Budget_Suivi!$H$2:$H$200,Budget_Suivi!$A$2:$A$200,$D22) | G22: =SUMIFS(Budget_Suivi!$I$2:$I$200,Budget_Suivi!$A$2:$A$200,$D22)
A23: =IFERROR(INDEX(Budget_Suivi!$A$2:$A$200,MATCH(4,Budget_Suivi!$Q$2:$Q$200,0)),"") | B23: =IF($A23="","",INDEX(Budget_Suivi!$B$2:$B$200,MATCH(4,Budget_Suivi!$Q$2:$Q$200,0))) | C23: =IF($A23="","",INDEX(Budget_Suivi!$O$2:$O$200,MATCH(4,Budget_Suivi!$Q$2:$Q$200,0))) | D23: =Dashboard!$D$11 | E23: =SUMIFS(Budget_Suivi!$G$2:$G$200,Budget_Suivi!$A$2:$A$200,$D23) | F23: =SUMIFS(Budget_Suivi!$H$2:$H$200,Budget_Suivi!$A$2:$A$200,$D23) | G23: =SUMIFS(Budget_Suivi!$I$2:$I$200,Budget_Suivi!$A$2:$A$200,$D23)
A24: =IFERROR(INDEX(Budget_Suivi!$A$2:$A$200,MATCH(5,Budget_Suivi!$Q$2:$Q$200,0)),"") | B24: =IF($A24="","",INDEX(Budget_Suivi!$B$2:$B$200,MATCH(5,Budget_Suivi!$Q$2:$Q$200,0))) | C24: =IF($A24="","",INDEX(Budget_Suivi!$O$2:$O$200,MATCH(5,Budget_Suivi!$Q$2:$Q$200,0))) | D24: =Dashboard!$D$12 | E24: =SUMIFS(Budget_Suivi!$G$2:$G$200,Budget_Suivi!$A$2:$A$200,$D24) | F24: =SUMIFS(Budget_Suivi!$H$2:$H$200,Budget_Suivi!$A$2:$A$200,$D24) | G24: =SUMIFS(Budget_Suivi!$I$2:$I$200,Budget_Suivi!$A$2:$A$200,$D24)
D25: =Dashboard!$D$13 | E25: =SUMIFS(Budget_Suivi!$G$2:$G$200,Budget_Suivi!$A$2:$A$200,$D25) | F25: =SUMIFS(Budget_Suivi!$H$2:$H$200,Budget_Suivi!$A$2:$A$200,$D25) | G25: =SUMIFS(Budget_Suivi!$I$2:$I$200,Budget_Suivi!$A$2:$A$200,$D25)
A26: Factures en retard (Top 5)
A27: N° facture | B27: Fournisseur | C27: Échéance | D27: Montant TTC | E27: Retard (j)
A28: =IF($G28="","",INDEX(Factures_Paiements!$B$2:$B$200,MATCH($G28,Factures_Paiements!$Q$2:$Q$200,0))) | B28: =IF($G28="","",INDEX(Factures_Paiements!$C$2:$C$200,MATCH($G28,Factures_Paiements!$Q$2:$Q$200,0))) | C28: =IF($G28="","",INDEX(Factures_Paiements!$I$2:$I$200,MATCH($G28,Factures_Paiements!$Q$2:$Q$200,0))) | D28: =IF($G28="","",INDEX(Factures_Paiements!$H$2:$H$200,MATCH($G28,Factures_Paiements!$Q$2:$Q$200,0))) | E28: =IF($G28="","",INT(INDEX(Factures_Paiements!$N$2:$N$200,MATCH($G28,Factures_Paiements!$Q$2:$Q$200,0)))) | G28: =IFERROR(LARGE(Factures_Paiements!$Q$2:$Q$200,1),"")
A29: =IF($G29="","",INDEX(Factures_Paiements!$B$2:$B$200,MATCH($G29,Factures_Paiements!$Q$2:$Q$200,0))) | B29: =IF($G29="","",INDEX(Factures_Paiements!$C$2:$C$200,MATCH($G29,Factures_Paiements!$Q$2:$Q$200,0))) | C29: =IF($G29="","",INDEX(Factures_Paiements!$I$2:$I$200,MATCH($G29,Factures_Paiements!$Q$2:$Q$200,0))) | D29: =IF($G29="","",INDEX(Factures_Paiements!$H$2:$H$200,MATCH($G29,Factures_Paiements!$Q$2:$Q$200,0))) | E29: =IF($G29="","",INT(INDEX(Factures_Paiements!$N$2:$N$200,MATCH($G29,Factures_Paiements!$Q$2:$Q$200,0)))) | G29: =IFERROR(LARGE(Factures_Paiements!$Q$2:$Q$200,2),"")
A30: =IF($G30="","",INDEX(Factures_Paiements!$B$2:$B$200,MATCH($G30,Factures_Paiements!$Q$2:$Q$200,0))) | B30: =IF($G30="","",INDEX(Factures_Paiements!$C$2:$C$200,MATCH($G30,Factures_Paiements!$Q$2:$Q$200,0))) | C30: =IF($G30="","",INDEX(Factures_Paiements!$I$2:$I$200,MATCH($G30,Factures_Paiements!$Q$2:$Q$200,0))) | D30: =IF($G30="","",INDEX(Factures_Paiements!$H$2:$H$200,MATCH($G30,Factures_Paiements!$Q$2:$Q$200,0))) | E30: =IF($G30="","",INT(INDEX(Factures_Paiements!$N$2:$N$200,MATCH($G30,Factures_Paiements!$Q$2:$Q$200,0)))) | G30: =IFERROR(LARGE(Factures_Paiements!$Q$2:$Q$200,3),"")
A31: =IF($G31="","",INDEX(Factures_Paiements!$B$2:$B$200,MATCH($G31,Factures_Paiements!$Q$2:$Q$200,0))) | B31: =IF($G31="","",INDEX(Factures_Paiements!$C$2:$C$200,MATCH($G31,Factures_Paiements!$Q$2:$Q$200,0))) | C31: =IF($G31="","",INDEX(Factures_Paiements!$I$2:$I$200,MATCH($G31,Factures_Paiements!$Q$2:$Q$200,0))) | D31: =IF($G31="","",INDEX(Factures_Paiements!$H$2:$H$200,MATCH($G31,Factures_Paiements!$Q$2:$Q$200,0))) | E31: =IF($G31="","",INT(INDEX(Factures_Paiements!$N$2:$N$200,MATCH($G31,Factures_Paiements!$Q$2:$Q$200,0)))) | G31: =IFERROR(LARGE(Factures_Paiements!$Q$2:$Q$200,4),"")
A32: =IF($G32="","",INDEX(Factures_Paiements!$B$2:$B$200,MATCH($G32,Factures_Paiements!$Q$2:$Q$200,0))) | B32: =IF($G32="","",INDEX(Factures_Paiements!$C$2:$C$200,MATCH($G32,Factures_Paiements!$Q$2:$Q$200,0))) | C32: =IF($G32="","",INDEX(Factures_Paiements!$I$2:$I$200,MATCH($G32,Factures_Paiements!$Q$2:$Q$200,0))) | D32: =IF($G32="","",INDEX(Factures_Paiements!$H$2:$H$200,MATCH($G32,Factures_Paiements!$Q$2:$Q$200,0))) | E32: =IF($G32="","",INT(INDEX(Factures_Paiements!$N$2:$N$200,MATCH($G32,Factures_Paiements!$Q$2:$Q$200,0)))) | G32: =IFERROR(LARGE(Factures_Paiements!$Q$2:$Q$200,5),"")
